 Dungeon Crawl Stone Soup version 0.29-a0-322-g68df515 (webtiles) character file.

Game seed: 17441892100743096364

33 Think the Shield-Bearer (level 3, -4/26 HPs)
             Began as an Octopode Fighter on Apr 5, 2022.
             Slain by Sigmund
             ... wielding a +0 scythe
              (8 damage)
             ... on level 2 of the Dungeon.
             The game lasted 00:03:09 (1395 turns).

Think the Shield-Bearer (Octopode Fighter)          Turns: 1395, Time: 00:03:11

Health: -4/26      AC:  1    Str: 17    XL:     3   Next: 29%
Magic:  3/3        EV: 11    Int: 10    God:
Gold:   62         SH:  8    Dex: 11    Spells: 2/2 levels left

rFire   . . .      SeeInvis .   a - +0 rapier
rCold   . . .      Faith    .   f - +0 kite shield
rNeg    . . .      Spirit   .   (helmet restricted)
rPois   .          Reflect  .   (no amulet)
rElec   .          Harm     .   (no ring)
rCorr   .          Rampage  .   (no ring)
Will    .....                   (no ring)
Stlth   ++........              (no ring)
HPRegen 0.08/turn               (no ring)
MPRegen 0.08/turn               (no ring)
                                (no ring)
                                (no ring)

@: no status effects
A: almost no armour, amphibious, 8 rings, camouflage 1, gelatinous body 1,
(nimble swimmer 1), tentacles
a: no special abilities


You were on level 2 of the Dungeon.
You visited 1 branch of the dungeon, and saw 2 of its levels.

You collected 62 gold pieces.

Inventory:

Hand Weapons
 a - a +0 rapier (weapon)
Armour
 b - a +0 buckler
 f - a +0 kite shield (worn)
Scrolls
 e - 4 scrolls of identify {unknown}
 g - a scroll of vulnerability {unknown}
 h - a scroll of fear {unknown}
 j - 2 scrolls of enchant weapon {unknown}
 k - 3 scrolls of noise {unknown}
 m - a scroll of brand weapon {unknown}
 o - a scroll of amnesia {unknown}
Potions
 c - a potion of might
 d - a potion of flight {unknown}
 i - a potion of magic {unknown}
 l - a potion of curing {unknown}
 n - a potion of mutation {unknown}


   Skills:
 - Level 3.0 Fighting
 * Level 3.1 Short Blades
 - Level 3.0 Dodging
 + Level 3.4 Shields


You had 2 spell levels left.
You didn't know any spells.
Your spell library contained the following spells:

 Spells                   Type           Power      Damage    Failure   Level
 Static Discharge         Conj/Air       0%         N/A       87%         2
 Dispel Undead            Necr           0%         3d6       100%        4
 Sticky Flame             Conj/Fire      0%         2d3       100%        4


Dungeon Overview and Level Annotations

Branches:
Dungeon (2/15)

Altars:

Shops:
D:2 !

Annotations:
D:2 Sigmund


Innate Abilities, Weirdness & Mutations

You cannot wear most types of armour.
You are amphibious.
You can wear up to eight rings at the same time.
Your skin changes colour to match your surroundings (Stealth+).
Your rubbery body absorbs attacks. (AC +1, EV +1)
((You are camouflaged when in or above water. (Stealth+)))
You have tentacles for arms and can constrict up to eight enemies at once.


Message History

No target in view!
No target in view!
No target in view!
No target in view!
No target in view!
No target in view!
No target in view!
No target in view!
Things that are here:
a +0 dagger; a goblin corpse Key pressed, stopping explore.
There is an open door here.
Key pressed, stopping explore.
Found a leather armour.
You open the door.
Sigmund the Dreaded comes into view.
He is wielding a +0 scythe and wearing a +2 robe of willpower.
Sigmund is nearby!
Sigmund is nearby!
Sigmund is nearby!
Sigmund is nearby!
Sigmund shouts!
You hear an angry hiss.
A ball python comes into view.
Sigmund gestures wildly while chanting.
Sigmund flickers and vanishes!
Deactivating autopickup; reactivate with Ctrl-A.
A puff of flame appears from out of thin air!
The puff of flame hits you!
You hit the ball python but do no damage.
Your grab misses the ball python. You squeeze the ball python.
You kill the ball python!
You hear some strange, mumbled words.
Something tries to affect you, but you resist.
A magic dart appears from out of thin air!
The magic dart hits you!
There is an open door here.
A magic dart appears from out of thin air!
The magic dart hits you.
* * * LOW HITPOINT WARNING * * *
Something hits you!
You die...

..### ....### #
.##.#8###8#
#.##........
#.##........
#.##.†......
####.#{.# ###
#..@.#..######
#...##.##.#[......#
#.........#.......#
#....$....'.......#
###.......#.......##
#########.........
#.#.###...
###########.#.# ...
#...........#.# ..


There were no monsters in sight!

Vanquished Creatures
  A dart slug (D:1)
  6 bats (D:1)
  3 endoplasms
  2 giant cockroaches (D:1)
  A goblin (D:2)
  A hobgoblin (D:1)
  A kobold (D:2)
  2 quokkas
  5 ball pythons
  2 frilled lizards (D:1)
  6 rats
30 creatures vanquished.

Notes
Turn   | Place    | Note
-------+----------+-------------------------------------------
     0 | D:1      | Think the Octopode Fighter began the quest for the Orb.
     0 | D:1      | Reached XP level 1. HP: 16/16 MP: 1/1
   216 | D:1      | Reached XP level 2. HP: 20/21 MP: 2/2
   738 | D:1      | Reached XP level 3. HP: 26/26 MP: 3/3
   950 | D:2      | Found Bujogin's Distillery.
  1377 | D:2      | Noticed Sigmund
  1395 | D:2      | Slain by Sigmund

Illustrated notes

Levels and vault maps discovered:
D:1:      lemuel_arrival_cross, layout_loops_ring
D:2:      layout_basic, serial_shops, nicolae_shop_advertising_works
          [nicolae_subvault_shop_adworks], serial_corexii_hall,
          corexii_hall_statues_t, corexii_hall_statues_l,
          corexii_hall_statues_l, corexii_hall_statues_deadend,
          serial_park_tiny_pond, minmay_misc_feat_tower, st_stairs_6,
          nicolae_concentric_dashed_squares_mild, uniq_sigmund

Skill      XL: |  1  2  3 |
---------------+----------+-----
Short Blades   | 3 |  3.1
Fighting       | |  3.0
Dodging        | |  3.0
Shields        | |  3.4

Action                   || total
-------------------------++-------
Melee: Rapier            ||    57
       Constrict         ||    11
       Tentacles         ||     8
 Stab: Sleeping          ||     4
Armor: Skin              ||     9
Dodge: Dodged            ||    27
Block: Kite shield       ||    26

Table legend: (Time is in decaauts)
 A = Elapsed time spent in this place.
 B = Non-inter-level travel time spent in this place.
 C = Inter-level travel time spent in this place.
 D = Time resting spent in this place.
 E = Time spent auto-exploring this place.
 F = Levels seen in this place.
 G = Mean time per level.
                   A        B        C        D        E       F      G
               +--------+--------+--------+--------+--------+-----+--------+
         Total |   1407 |   1386 |     21 |      0 |   1152 |   2 |  703.5 |
       Dungeon |   1407 |   1386 |     21 |      0 |   1152 |   2 |  703.5 |
               +--------+--------+--------+--------+--------+-----+--------+

Top non-repeatable levels by time:
     D:1: 954 daAuts
     D:2: 453 daAuts
